 Dungeon Crawl Stone Soup version 0.23-a0-350-g6fd5563 (webtiles) character file.

382 Garbasso the Cutter (level 6, -6/53 HPs)
             Began as a Ghoul Monk on Oct 20, 2018.
             Mangled by an orc warrior
             ... wielding a +0 long sword
              (18 damage)
             ... on level 3 of the Dungeon.
             The game lasted 00:10:31 (3972 turns).

Garbasso the Cutter (Ghoul Monk)                    Turns: 3972, Time: 00:10:31

Health: -6/53      AC:  5    Str: 15    XL:     6   Next: 76%
Magic:  5/5        EV: 13    Int:  5    God:
Gold:   163        SH:  0    Dex: 13    Spells: 5/5 levels left

rFire    . . .     SeeInvis .   j - +1 dagger (venom)
rCold    + . .     Gourm    .   (no shield)
rNeg     + + +     Faith    .   v - +0 leather armour
rPois    ∞         Spirit   .   (no helmet)
rElec    .         Reflect  .   (no cloak)
rCorr    .         Harm     .   (no gloves)
MR       .....                  l - +1 pair of boots
Stlth    ++........             e - amulet of regeneration
HPRegen  0.00/turn              (no ring)
MPRegen  0.09/turn              (no ring)

@: rotting
A: rotting body, claws 1, carnivore, cold resistance 1, negative energy
resistance 3, inhibited regeneration, torment resistance, unbreathing
a: no special abilities


You were on level 3 of the Dungeon.
You were not hungry.

You visited 1 branch of the dungeon, and saw 4 of its levels.

You collected 163 gold pieces.

Inventory:

Hand Weapons
 j - a +1 dagger of venom (weapon)
Missiles
 b - 4 tomahawks
 o - 3 exploding tomahawks
 r - 4 javelins (quivered)
Armour
 l - a +1 pair of boots (worn)
 v - a +0 leather armour (worn)
Jewellery
 e - an amulet of regeneration (around neck)
Wands
 q - a wand of paralysis (19)
Scrolls
 g - 4 scrolls of remove curse
 h - a scroll of identify
 p - 2 scrolls of teleportation
 s - a scroll of enchant weapon {unknown}
 t - a scroll of amnesia {unknown}
 u - a scroll of noise {unknown}
 w - a scroll of fog {unknown}
Potions
 a - a potion of brilliance {unknown}
 i - a potion of lignification {unknown}
 k - a potion of might {unknown}
 m - a potion of curing {unknown}
 n - a potion of mutation {unknown}
Comestibles
 c - 4 rations


   Skills:
 + Level 4.6 Fighting
 * Level 4.7 Short Blades
 + Level 3.8 Dodging
 + Level 4.1 Stealth


You had 5 spell levels left.
You didn't know any spells.
Your spell library was empty.

Dungeon Overview and Level Annotations

Branches:
Dungeon (4/15)
 Temple: D:4-7

Altars:
Vehumet

Annotations:
D:2 2 transporters


Innate Abilities, Weirdness & Mutations

Your body is rotting away.
You thrive on raw meat.
You are immune to poison.
You have sharp fingernails.
You are carnivorous and can eat meat at any time.
Your flesh is cold resistant. (rC+)
You are immune to negative energy. (rN+++)
You do not regenerate when monsters are visible.
You are immune to unholy pain and torment.
You can survive without breathing.


Message History

The orc warrior looks more healthy.
There is a stone staircase leading up here.
Your magical contamination has completely faded away.
The orc warrior barely misses you.
Okay, then.
Throwing (i - inventory. (/) - cycle)
r - 5 javelins (quivered)
Press: ? - help, Shift-Dir - straight line, f/p - orc warrior
Aim: an orc warrior, wielding a +0 long sword and wearing a +0 chain mail You throw a javelin.
The javelin hits the orc warrior but does no damage.
The orc warrior is moderately wounded.
The orc warrior hits you with a +0 long sword.
* * * LOW HITPOINT WARNING * * *
You hit the orc warrior but do no damage.
The orc warrior is poisoned.
The orc warrior is moderately wounded.
You barely miss the orc warrior.
The orc warrior is moderately wounded.
The orc warrior hits you with a +0 long sword!!
You die...

.#######.#....................#.#
.......#.####...##......#######.#
##.....#.# #...##......# #......
.......#.# #...##......# #......
##.....#.# #...##......# #......
...###.#.# #...........# #......
######.#.#####..........#######.#
#......#.#...............######.#
.....###.#.###..@o(......##......
.....# #.#.###....######.##..÷...
.....# #....##....# #.##......
.....# #..<.####### #.##......
.....###....# #########.######.#
.........#.#####.........######.#
.....##.................(.......#
#######.................#########
#................(#


You could see an orc warrior.

Vanquished Creatures
  Edmund (D:4)
  A centaur (D:3)
  2 orc wizards (D:3)
  A worker ant (D:4)
  3 adders
  2 worms (D:3)
  3 dart slugs
  3 leopard geckos
  2 orcs (D:3)
  7 bats
  4 giant cockroaches
  9 goblins
  4 hobgoblins
  10 jackals
  5 kobolds
  A ball python (D:1)
  A frilled lizard (D:1)
  6 rats
65 creatures vanquished.

Vanquished Creatures (others)
  A hobgoblin (D:2)
1 creature vanquished.

Grand Total: 66 creatures vanquished

Notes
Turn   | Place    | Note
-------+----------+-------------------------------------------
     0 | D:1      | Garbasso the Ghoul Monk began the quest for the Orb.
     0 | D:1      | Reached XP level 1. HP: 19/19 MP: 0/0
     0 | D:1      | Noticed a dwarf
     2 | D:1      | Noticed a troll
     2 | D:1      | Noticed a dwarf
     6 | D:1      | Noticed a vine stalker
     9 | D:1      | Noticed a felid
    11 | D:1      | Noticed a troll
    13 | D:1      | Noticed a troll
    15 | D:1      | Noticed a draconian
    17 | D:1      | Noticed a dwarf
    19 | D:1      | Noticed a draconian
    19 | D:1      | Noticed a gargoyle
   254 | D:1      | Reached XP level 2. HP: 24/26 MP: 1/1
   684 | D:1      | Reached XP level 3. HP: 27/31 MP: 2/2
  1466 | D:2      | Reached XP level 4. HP: 32/40 MP: 3/3
  1800 | D:2      | Found a radiant altar of Vehumet.
  1800 | D:2      | Noticed a cyclops
  1800 | D:2      | Noticed a hippogriff
  1802 | D:2      | Found a transporter.
  1958 | D:2      | Found a transporter.
  2032 | D:3      | Noticed a centaur
  2048 | D:3      | Killed a centaur
  2048 | D:3      | Reached XP level 5. HP: 13/46 MP: 4/4
  2686 | D:3      | Reached XP level 6. HP: 48/52 MP: 5/5
  3440 | D:4      | Noticed Edmund
  3461 | D:4      | Killed Edmund
  3889 | D:4      | Noticed an orc warrior
  3972 | D:3      | Mangled by an orc warrior

Vault maps used:
D:1:      shiori_arrival_whats_in_store_for_you, roderic_lattice_a,
          serial_bayou_pond_d
D:2:      gammafunk_temple_overflow_arena, first_ration,
          minmay_misc_feat_secret_circle, lemuel_old_faithful
D:4:      uniq_edmund

Skill      XL: |  1  2  3  4  5  6 |
---------------+-------------------+-----
Short Blades   | 3 4 |  4.7
Dodging        | 3 |  3.8
Stealth        | 3 4 |  4.1
Fighting       | 4 |  4.6

Action                   |  1- 3 |  4- 6 || total
-------------------------+-------+-------++-------
Melee: Short sword       |    95 |       ||    95
       Dagger            |    75 |   106 ||   181
Throw: Tomahawk          |     6 |     5 ||    11
       Javelin           |       |     3 ||     3
  Use: Scroll            |       |     5 ||     5
 Stab: Sleeping          |     2 |     4 ||     6
       Distracted        |     1 |       ||     1
  Eat: Chunk             |     8 |    13 ||    21
Armor: Robe              |    64 |    14 ||    78
       Leather armour    |       |     1 ||     1
Dodge: Dodged            |   166 |    54 ||   220

Table legend:
 A = Non-vault XP
 B = Vault XP
 C = Vault XP percentage of total XP
 D = Non-vault monster count
 E = Vault monster count
 F = Vault count percentage of total count
                 A         B        C        D         E       F
            +---------+---------+-------+---------+---------+-------
      Total |     385 |     162 |  29.6 |      64 |       1 |   1.5
            +---------+---------+-------+---------+---------+-------
        D:1 |      54 |       0 |   0.0 |      27 |       0 |   0.0
        D:2 |      50 |       0 |   0.0 |      16 |       0 |   0.0
        D:3 |     226 |       0 |   0.0 |      16 |       0 |   0.0
        D:4 |      55 |     162 |  74.7 |       5 |       1 |  16.7
            +---------+---------+-------+---------+---------+-------
